 Dungeon Crawl Stone Soup version 0.26.1-11-gd32895ea62 (webtiles) character file.

Game seed: 15441189439999872423

91 tizbic2 the Insei (level 4, -8/34 HPs)
             Began as a Gnoll Transmuter on June 25, 2021.
             Was an Initiate of Okawaru.
             Mangled by an ogre
             ... wielding a cursed +0 giant club
              (30 damage)
             ... on level 3 of the Dungeon.
             The game lasted 00:19:15 (1958 turns).

tizbic2 the Insei (Gnoll Transmuter)                Turns: 1958, Time: 00:19:16

Health: -8/34      AC:  3    Str: 14    XL:     4   Next: 59%
Magic:  8/11       EV: 14    Int: 15    God:    Okawaru [......]
Gold:   137        SH:  0    Dex: 15    Spells: 10/13 levels left

rFire    . . .     SeeInvis .   k - +0 short sword (elec)
rCold    . . .     Faith    .   (no shield)
rNeg     . . .     Spirit   .   d - +0 leather armour
rPois    .         Reflect  .   (helmet currently unavailable)
rElec    .         Harm     .   (no cloak)
rCorr    .         Rampage  .   (no gloves)
Will     .....                  (boots currently unavailable)
Stlth    ++........             (no amulet)
HPRegen  0.11/turn              (no ring)
MPRegen  0.12/turn              (no ring)

@: appendages, wereblooded
A: distributed training, fangs 1, horns 2, talons 2, strong nose
a: End Transformation, Renounce Religion


You were on level 3 of the Dungeon.
You worshipped Okawaru.
Okawaru was noncommittal.
You had grown temporary horns.
You had grown temporary talons.
You visited 1 branch of the dungeon, and saw 3 of its levels.

You collected 137 gold pieces.

Inventory:

Hand Weapons
 k - a +0 short sword of electrocution (weapon)
Missiles
 e - 78 stones (quivered)
 f - 25 arrows
Armour
 a - a +0 robe
 b - a +1 helmet (melded)
 c - a +0 pair of boots (melded)
 d - a +0 leather armour (worn)
Scrolls
 g - 4 scrolls of identify {unknown}
 h - 2 scrolls of blinking {unknown}
 i - a scroll of noise {unknown}
 l - a scroll of amnesia {unknown}
 m - 2 scrolls of remove curse {unknown}
 o - a scroll of teleportation {unknown}
Potions
 j - 4 potions of curing
 n - a potion of berserk rage {unknown}


   Skills:
 + Level 2.8 Fighting
 + Level 1.2 Short Blades
 + Level 1.2 Long Blades
 + Level 1.2 Axes
 + Level 1.2 Maces & Flails
 + Level 1.2 Polearms
 + Level 1.2 Staves
 + Level 1.2 Slings
 + Level 1.2 Bows
 + Level 1.2 Crossbows
 + Level 1.2 Throwing
 + Level 1.2 Armour
 + Level 4.6 Dodging
 + Level 1.2 Stealth
 + Level 1.2 Shields
 + Level 6.6 Unarmed Combat
 + Level 5.1 Spellcasting
 + Level 1.0 Conjurations
 + Level 1.0 Hexes
 + Level 1.0 Summonings
 + Level 1.0 Necromancy
 + Level 1.0 Translocations
 + Level 3.8 Transmutations
 + Level 1.0 Fire Magic
 + Level 1.0 Ice Magic
 + Level 1.0 Air Magic
 + Level 1.0 Earth Magic
 + Level 1.0 Poison Magic
 + Level 1.3 Invocations
 + Level 1.2 Evocations


You had 10 spell levels left.
You knew the following spells:

 Your Spells              Type           Power        Failure   Level
a - Beastly Appendage     Tmut           30%          4%          1
b - Wereblood             Tmut           15%          6%          2

Your spell library contained the following spells:

 Spells                   Type           Power        Failure   Level
 Spider Form              Tmut/Pois      5%           22%         3
 Ice Form                 Ice/Tmut       11%          58%         4
 Blade Hands              Tmut           7%           75%         5


Dungeon Overview and Level Annotations

Branches:
Dungeon (3/15)

Altars:
Nemelex Xobeh
Okawaru

Portals:
Sewer: D:3


Innate Abilities, Weirdness & Mutations

Your experience applies equally to all skills.
You have very sharp teeth.
Your uncanny sense of smell can sniff out nearby items.
You have a pair of horns on your head.
You have razor-sharp toenails.


Message History

The ogre closely misses you.
Casting: Beastly Appendage (safe; 4% risk of failure)
Confirm with . or Enter, or press ? or * to list all spells.
Your blood is infused with primal strength.
The ogre misses you.
You hit the ogre but do no damage. Your kick misses the ogre.
The ogre hits you with a cursed +0 giant club!
You hit the ogre.
The ogre is lightly wounded.
You closely miss the ogre.
The ogre is lightly wounded.
The ogre closely misses you.
You hit the ogre but do no damage.
The ogre is lightly wounded.
The ogre misses you.
You closely miss the ogre. You headbutt the ogre. You bite the ogre.
The ogre is heavily wounded.
The ogre hits you with a cursed +0 giant club!!
Ouch! That really hurt!
You die...

#...###### #.# #.# #..##
#.# #.# #...# #.# #.#
#..## #.# #.# #...#
#######.# #.# #..###!
#.......# #.#
##...##.##.####### #.#
##O......##)# #.#
##.@#≈..#..#†# #.#
#...≈≈≈≈≈....#
#.###.#≈≈≈≈≈≈≈#..#
#......≈≈≈≈≈≈≈≈..#######
#.##...≈≈≈∩≈≈≈.........#
#.###..≈≈≈≈≈≈≈≈..####.##
#.# #.#≈≈≈≈≈≈≈#..# #.#
#.###...≈≈≈≈≈....# #.#
#...[...#...#..#.####.#


You could see an ogre.

Vanquished Creatures
  3 adders
  A worm (D:3)
  4 dart slugs (D:1)
  3 leopard geckos (D:1)
  2 giant cockroaches
  9 goblins
  3 hobgoblins
  3 jackals (D:1)
  2 ball pythons
  A bat (D:2)
  6 frilled lizards
  11 kobolds
  5 rats
53 creatures vanquished.

Notes
Turn   | Place    | Note
-------+----------+-------------------------------------------
     0 | D:1      | tizbic2 the Gnoll Transmuter began the quest for the Orb.
     0 | D:1      | Reached XP level 1. HP: 17/17 MP: 6/6
   170 | D:1      | Reached XP level 2. HP: 16/23 MP: 5/7
   389 | D:1      | Learned a level 2 spell: Wereblood
   446 | D:1      | Reached XP level 3. HP: 21/28 MP: 6/9
   455 | D:1      | Reached skill level 5 in Spellcasting
   715 | D:1      | Reached skill level 1 in Invocations
  1055 | D:2      | Reached skill level 1 in Short Blades
  1055 | D:2      | Reached skill level 1 in Long Blades
  1055 | D:2      | Reached skill level 1 in Axes
  1055 | D:2      | Reached skill level 1 in Maces & Flails
  1055 | D:2      | Reached skill level 1 in Polearms
  1055 | D:2      | Reached skill level 1 in Staves
  1055 | D:2      | Reached skill level 1 in Slings
  1055 | D:2      | Reached skill level 1 in Bows
  1055 | D:2      | Reached skill level 1 in Crossbows
  1055 | D:2      | Reached skill level 1 in Throwing
  1055 | D:2      | Reached skill level 1 in Armour
  1055 | D:2      | Reached skill level 1 in Stealth
  1055 | D:2      | Reached skill level 1 in Shields
  1055 | D:2      | Reached skill level 1 in Evocations
  1255 | D:2      | Reached XP level 4. HP: 34/34 MP: 11/11
  1260 | D:2      | Found an iron altar of Okawaru.
  1265 | D:2      | Became a worshipper of Warmaster Okawaru
  1426 | D:2      | Found a sparkling altar of Nemelex Xobeh.
  1871 | D:3      | Reached skill level 1 in Conjurations
  1871 | D:3      | Reached skill level 1 in Hexes
  1871 | D:3      | Reached skill level 1 in Summonings
  1871 | D:3      | Reached skill level 1 in Necromancy
  1871 | D:3      | Reached skill level 1 in Translocations
  1871 | D:3      | Reached skill level 1 in Fire Magic
  1871 | D:3      | Reached skill level 1 in Ice Magic
  1871 | D:3      | Reached skill level 1 in Air Magic
  1871 | D:3      | Reached skill level 1 in Earth Magic
  1871 | D:3      | Reached skill level 1 in Poison Magic
  1872 | D:3      | Found a glowing drain.
  1943 | D:3      | Noticed an ogre
  1958 | D:3      | Mangled by an ogre

Illustrated notes

Levels and vault maps discovered:
D:1:      nicolae_arrival_memento_mori, layout_loops_ring,
          minmay_split_cup_small
D:2:      layout_basic, marbit_many_paths, overflow_temple_1_default
D:3:      layout_basic, cheibrodos_sewer_entry_drain, grunt_decor_resistance,
          st_stairs_11

Skill      XL: |  1  2  3  4 |
---------------+-------------+-----
Spellcasting   | 5 |  5.1
Invocations    | 1 |  1.3
Short Blades   | 1 |  1.2
Long Blades    | 1 |  1.2
Axes           | 1 |  1.2
Maces & Flails | 1 |  1.2
Polearms       | 1 |  1.2
Staves         | 1 |  1.2
Slings         | 1 |  1.2
Bows           | 1 |  1.2
Crossbows      | 1 |  1.2
Throwing       | 1 |  1.2
Armour         | 1 |  1.2
Stealth        | 1 |  1.2
Shields        | 1 |  1.2
Evocations     | 1 |  1.2
Conjurations   | 1 |  1.0
Hexes          | 1 |  1.0
Summonings     | 1 |  1.0
Necromancy     | 1 |  1.0
Translocations | 1 |  1.0
Fire Magic     | 1 |  1.0
Ice Magic      | 1 |  1.0
Air Magic      | 1 |  1.0
Earth Magic    | 1 |  1.0
Poison Magic   | 1 |  1.0
Fighting       | |  2.8
Dodging        | |  4.6
Unarmed Combat | |  6.6
Transmutations | |  3.8

Action                   |  1- 3 |  4- 6 || total
-------------------------+-------+-------++-------
Melee: Unarmed           |    55 |       ||    55
       Kick              |     7 |       ||     7
       Headbutt          |     4 |     2 ||     6
       Bite              |     6 |     2 ||     8
       Short sword       |    32 |    33 ||    65
       Punch             |       |     1 ||     1
Throw: Stone             |    38 |     5 ||    43
 Cast: Beastly Appendage |     9 |     3 ||    12
       Wereblood         |     2 |     3 ||     5
  Use: Potion            |     1 |       ||     1
 Stab: Sleeping          |     1 |       ||     1
Armor: Robe              |     3 |       ||     3
       Leather armour    |    12 |     2 ||    14
       Skin              |     1 |       ||     1
Dodge: Dodged            |    79 |    23 ||   102
